 Dungeon Crawl Stone Soup version 0.22-a0-303-g4a852b3 (webtiles) character file.

144 grindst0ne the Magician (level 5, 0/28 HPs)
             Began as a Deep Elf Ice Elementalist on Mar 27, 2018.
             Killed from afar by Sigmund (6 damage)
             ... with a puff of flame
             ... on level 3 of the Dungeon.
             The game lasted 00:06:09 (2187 turns).

grindst0ne the Magician (Deep Elf Ice Elementalist) Turns: 2187, Time: 00:06:10

Health: 0/28       AC:  4    Str:  5    XL:     5   Next: 5%
Magic:  3/13       EV: 14    Int: 21    God:
Gold:   100        SH:  0    Dex: 15    Spells: 3/13 levels left

rFire    . . .     SeeInvis .   d - +0 dagger
rCold    + . .     Gourm    .   (no shield)
rNeg     . . .     Faith    .   a - +0 robe
rPois    .         Spirit   .   e - +0 helmet
rElec    .         Reflect  .   (no cloak)
rCorr    .         Harm     .   (no gloves)
MR       .....                  k - +0 pair of boots
Stlth    +.........             (no amulet)
HPRegen  0.09/turn              o - ring of protection from cold
MPRegen  0.13/turn              (no ring)

@: confused, hasted, very quick
A: no striking features
a: no special abilities


You were on level 3 of the Dungeon.
You were hungry.

You visited 1 branch of the dungeon, and saw 3 of its levels.

You collected 100 gold pieces.

Inventory:

Hand Weapons
 d - a +0 dagger (weapon)
Armour
 a - a +0 robe (worn)
 e - a +0 helmet (worn)
 k - a +0 pair of boots (worn)
Jewellery
 o - a ring of protection from cold (left hand)
 r - an uncursed ring of poison resistance {unknown}
Wands
 v - a wand of paralysis (19)
Scrolls
 g - a scroll of fear {unknown}
 h - 2 scrolls of enchant armour {unknown}
 i - a scroll of amnesia {unknown}
 l - a scroll of teleportation {unknown}
 m - 5 scrolls of identify {unknown}
 p - a scroll of enchant weapon {unknown}
 s - a scroll of fog {unknown}
Potions
 f - a potion of lignification {unknown}
 j - a potion of haste
 n - a potion of flight {unknown}
 q - a potion of agility {unknown}
 t - 2 potions of might {unknown}
 u - a potion of curing {unknown}
Comestibles
 b - 3 chunks of flesh
 c - 5 rations


   Skills:
 + Level 3.9 Dodging
 - Level 2.4 Stealth
 + Level 4.5 Spellcasting
 + Level 1.7 Conjurations
 + Level 1.4 Charms
 + Level 4.3 Ice Magic


You had 3 spell levels left.
You knew the following spells:

 Your Spells              Type           Power        Failure   Level  Hunger
a - Freeze                Ice            ###.         1%          1    None
b - Throw Frost           Conj/Ice       ###...       4%          2    #......
c - Ozocubu's Armour      Chrm/Ice       ###.....     11%         3    ##.....
d - Summon Ice Beast      Ice/Summ       ##......     41%         4    ####...


Dungeon Overview and Level Annotations

Branches:
Dungeon (3/15)

Altars:
Ru

Annotations:
D:3 Sigmund


Message History

The puff of frost misses Sigmund.
Sigmund gestures at you while chanting. The magic dart hits you!
The goblin barely misses you. Sigmund hits you with a scythe!
* * * LOW HITPOINT WARNING * * *
The goblin hits you but does no damage.
Casting: Throw Frost (safe; 4% risk of failure)
Confirm with . or Enter, or press ? or * to list all spells.
Aiming: Throw Frost (safe; 4% risk of failure)
Press: ? - help, Shift-Dir - straight line, f/p - Sigmund
Aim: Sigmund, wielding a scythe and wearing a robe (heavily wounded)
The puff of frost hits Sigmund.
Sigmund is heavily wounded.
Sigmund casts a spell at you.
You are confused.
The goblin completely misses you.
It was a potion of haste.
You feel yourself speed up. Sigmund casts a spell at you.
The puff of flame hits you!
You die...

#....≈.....$.. #
#..≈≈≈≈≈≈.....####
#....≈..≈.... #..#
.########....≈..≈..# #..#
....#...........+._# +...
..............†#########..
................)..#..'...
$.........@..#..#..#..#..#
........g@...#..#.....#..#
...........######.....####
....!........#...........#
.................#####....
....#.....#####...# #####
########### #...# #...#
#.%## ####


You could see Sigmund and a goblin.

Vanquished Creatures
  Robin (D:2)
  6 adders
  An ooze (D:2)
  2 worms
  A dart slug (D:1)
  3 leopard geckos
  A ball python (D:1)
  5 bats (D:1)
  4 giant cockroaches
  18 goblins
  8 hobgoblins
  3 frilled lizards
  4 kobolds
  5 rats
62 creatures vanquished.

Notes
Turn   | Place    | Note
-------+----------+-------------------------------------------
     0 | D:1      | grindst0ne the Deep Elf Ice Elementalist began the quest for the Orb.
     0 | D:1      | Reached XP level 1. HP: 10/10 MP: 6/6
   198 | D:1      | Reached XP level 2. HP: 8/15 MP: 4/8
   306 | D:1      | Learned a level 2 spell: Throw Frost
   795 | D:1      | Reached XP level 3. HP: 19/19 MP: 2/10
  1232 | D:2      | Reached XP level 4. HP: 17/24 MP: 7/12
  1250 | D:2      | Learned a level 3 spell: Ozocubu's Armour
  1765 | D:2      | Noticed Robin
  1814 | D:2      | Killed Robin
  1814 | D:2      | Reached skill level 1 in Charms
  1939 | D:3      | Learned a level 4 spell: Summon Ice Beast
  2024 | D:3      | Found a sacrificial altar of Ru.
  2032 | D:3      | Reached XP level 5. HP: 19/28 MP: 3/13
  2042 | D:3      | Noticed Sigmund
  2187 | D:3      | Killed from afar by Sigmund

Vault maps used:
D:1:      dpeg_arrival_houses_and_road, minmay_hexomino_p4
D:2:      uniq_robin
D:3:      hangedman_ru_absence, first_ration,
          chequers_ecumenical_altar_simple_redux, uniq_sigmund

Skill      XL: |  1  2  3  4 |
---------------+-------------+-----
Dodging        | 3 |  3.9
Spellcasting   | 4 |  4.5
Ice Magic      | 4 |  4.3
Charms         | 1 |  1.4
Stealth        | |  2.4
Conjurations   | |  1.7

Action                   |  1- 3 |  4- 6 || total
-------------------------+-------+-------++-------
Melee: Dagger            |     6 |    24 ||    30
 Cast: Freeze            |    39 |    32 ||    71
       Throw Frost       |    20 |    19 ||    39
       Ozocubu's Armour  |       |     1 ||     1
  Use: Potion            |       |     2 ||     2
 Stab: Sleeping          |       |     1 ||     1
  Eat: Chunk             |     1 |     3 ||     4
Armor: Robe              |     4 |     6 ||    10
Dodge: Dodged            |    27 |    33 ||    60

Table legend:
 A = Spawn XP
 B = Non-spawn XP
 C = Spawn XP percentage of total XP
 D = Spawn monster count
 E = Non-spawn monster count
 F = Spawn count percentage of total count
 G = Total turns spent on level
                    A         B        C        D         E        F      G
               +---------+---------+-------+---------+---------+-------+---------
         Total |       0 |     206 |   0.0 |       0 |      62 |   0.0 |  2187
               +---------+---------+-------+---------+---------+-------+---------
           D:1 |       0 |      43 |   0.0 |       0 |      24 |   0.0 |   963
           D:2 |       0 |     120 |   0.0 |       0 |      28 |   0.0 |   932
           D:3 |       0 |      43 |   0.0 |       0 |      10 |   0.0 |   292
               +---------+---------+-------+---------+---------+-------+---------
